HSSL
BROKEN ARROW HS @ TEMISKAMING DISTRICT SECONDARY SCHOOL SAINTS
04/10/2023
 
TOP OF THE 1ST
Broken Arrow HS batting - Pitching for Temiskaming District Secondary School Saints : RHP Bartolo Delvalle
Pitching: RHP Bartolo Delvalle
Batting: RHB Irwin Robinson 0-0: Ball
1-0: SINGLE (Flyball, 9LS)
Batting: RHB Víctor León 0-0: Foul Ball, location: 2F
0-1: Foul Ball, location: 2F
0-2: Ball
1-2: Strikes out looking
Batting: LHB Tim Ramsey 0-0: Ball
1-0: Ball
2-0: Called Strike
2-1: Ball
3-1: Base on Balls
Irwin Robinson to second
Batting: RHB Christian Moss 0-0: Called Strike
0-1: Ball
Irwin Robinson steals 3rd base
Tim Ramsey to second
1-1: Ball
2-1: Called Strike
2-2: Ground out 1-3 (Groundball, 13S)
Batting: RHB Robert Cannon 0-0: Foul Ball, location: 2F
0-1: Called Strike
0-2: Ball
1-2: Fly out, F9 (Flyball, 89S)
Top of the 1st over - 0 run(s), 1 hit(s), 0 error(s), 2 left on base; Broken Arrow HS 0 - Temiskaming District Secondary School 0
BOTTOM OF THE 1ST
Temiskaming District Secondary School Saints batting - Pitching for Broken Arrow HS : LHP Alonso Medina
Pitching: LHP Alonso Medina
Batting: RHB Bill Ward 0-0: Ball
1-0: Ball
2-0: Swinging Strike
2-1: Foul Ball, location: 2F
2-2: Strikes out swinging
Batting: RHB Albert Abbott 0-0: Swinging Strike
0-1: Ball
1-1: Ball
2-1: Ball
3-1: Called Strike
3-2: Fly out, F8 (Line Drive, 8RM)
Batting: LHB Ron Crawford 0-0: Foul Ball, location: 2F
0-1: SINGLE (Line Drive, 6MD)
Batting: RHB Phil Wright 0-0: Ball
1-0: Called Strike
1-1: Ball
2-1: Ball
3-1: SINGLE (Groundball, 6MD)
Ron Crawford to second
Runner from 2nd tries for 3rd, SAFE, throw made to third
Phil Wright to second
Batting: RHB Orlando González 0-0: Foul Ball, location: 2F
0-1: Foul Ball, location: 2F
0-2: Strikes out looking
Bottom of the 1st over - 0 run(s), 2 hit(s), 0 error(s), 2 left on base; Broken Arrow HS 0 - Temiskaming District Secondary School 0
TOP OF THE 2ND
Broken Arrow HS batting - Pitching for Temiskaming District Secondary School Saints : RHP Bartolo Delvalle
Batting: RHB Júlio Hobbs 0-0: Swinging Strike
0-1: Ball
1-1: Foul Ball, location: 2F
1-2: Ball
2-2: SINGLE (Line Drive, 8LS)
Batting: RHB David Ward 0-0: Ball
1-0: Fly out, F7 (Flyball, 7M)
Batting: LHB Jon Jackson 0-0: Swinging Strike
0-1: Called Strike
0-2: SINGLE (Groundball, 6D)
Júlio Hobbs to second
Batting: LHB Frank Vázquez 0-0: Ball
1-0: 3-RUN HOME RUN (Flyball, 89XD), Distance : 428 ft
Batting: RHB Irwin Robinson 0-0: Ball
1-0: Ball
2-0: Ball
3-0: Base on Balls
Batting: RHB Víctor León 0-0: Reached on error, E6 (Groundball, 6)
Irwin Robinson to second
Batting: LHB Tim Ramsey 0-0: Ball
1-0: Ball
2-0: Called Strike
2-1: SINGLE (Groundball, 34D)
Irwin Robinson to third
Víctor León to second
Runner from 3rd tries for Home, SAFE, no throw or cutoff
Batting: RHB Christian Moss 0-0: Hit by Pitch
Víctor León to third
Tim Ramsey to second
Batting: RHB Robert Cannon 0-0: Ball
1-0: SINGLE (Flyball, 7S)
Víctor León scores
Tim Ramsey to third
Christian Moss to second
Batting: RHB Júlio Hobbs 0-0: Foul Ball, location: 2F
0-1: Ball
1-1: Foul Ball, location: 2F
1-2: Strikes out swinging
Batting: RHB David Ward 0-0: Ground out 6-3 (Groundball, 6)
Top of the 2nd over - 5 run(s), 5 hit(s), 1 error(s), 3 left on base; Broken Arrow HS 5 - Temiskaming District Secondary School 0
BOTTOM OF THE 2ND
Temiskaming District Secondary School Saints batting - Pitching for Broken Arrow HS : LHP Alonso Medina
Batting: RHB Glen French 0-0: Ball
1-0: Called Strike
1-1: Foul Ball, location: 2F
1-2: Foul Ball, location: 2F
1-2: Ball
2-2: Foul Ball, location: 2F
2-2: Ball
3-2: Base on Balls
Batting: LHB Mike O'Bryan 0-0: Ball
1-0: Reached on error, E4 (Groundball, 34)
Glen French to second
Batting: SHB Pablo Miranda 0-0: Ball
1-0: Grounds into double play, 6-4-3 (Groundball, 6)
Glen French to third
Batting: LHB Steve Herman 0-0: Swinging Strike
0-1: Called Strike
0-2: Fly out, F8 (Flyball, 8LM)
Bottom of the 2nd over - 0 run(s), 0 hit(s), 1 error(s), 1 left on base; Broken Arrow HS 5 - Temiskaming District Secondary School 0
TOP OF THE 3RD
Broken Arrow HS batting - Pitching for Temiskaming District Secondary School Saints : RHP Bartolo Delvalle
Batting: LHB Jon Jackson 0-0: Ball
1-0: Ball
2-0: Ball
3-0: Called Strike
3-1: Foul Ball, location: 2F
3-2: Strikes out swinging
Batting: LHB Frank Vázquez 0-0: Ball
1-0: Foul Ball, location: 2F
1-1: Ball
2-1: Ball
3-1: Base on Balls
Batting: RHB Irwin Robinson 0-0: Fly out, F4 (Popup, 4M)
Batting: RHB Víctor León 0-0: Ball
1-0: Ball
2-0: Ball
3-0: Called Strike
3-1: Called Strike
3-2: Foul Ball, location: 2F
3-2: Ground out 5-3 (Groundball, 5)
Top of the 3rd over - 0 run(s), 0 hit(s), 0 error(s), 1 left on base; Broken Arrow HS 5 - Temiskaming District Secondary School 0
BOTTOM OF THE 3RD
Temiskaming District Secondary School Saints batting - Pitching for Broken Arrow HS : LHP Alonso Medina
Batting: RHB Bill Ward 0-0: Foul Ball, location: 2F
0-1: Ball
1-1: Ball
2-1: SINGLE (Groundball, 6M)
Batting: RHB Albert Abbott 0-0: Ball
1-0: Called Strike
1-1: Called Strike
1-2: Ball
2-2: Ball
Bill Ward steals 2nd base
3-2: Base on Balls
Batting: LHB Ron Crawford 0-0: Fielders Choice at 2nd, 4-6 (Groundball, 4)
Bill Ward to third
Batting: RHB Phil Wright 0-0: Ball
1-0: Called Strike
1-1: Ball
2-1: 3-RUN HOME RUN (Flyball, 78XD), Distance : 430 ft
Batting: RHB Orlando González 0-0: Ball
1-0: Ball
2-0: Ball
3-0: Called Strike
3-1: Base on Balls
Batting: RHB Glen French 0-0: Ball
1-0: Called Strike
1-1: Ball
2-1: Called Strike
2-2: Fly out, F9 (Flyball, 9M)
Batting: LHB Mike O'Bryan 0-0: Called Strike
0-1: Ball
1-1: Ball
2-1: Ball
3-1: Swinging Strike
3-2: Foul Ball, location: 2F
3-2: Strikes out swinging
Bottom of the 3rd over - 3 run(s), 2 hit(s), 0 error(s), 1 left on base; Broken Arrow HS 5 - Temiskaming District Secondary School 3
TOP OF THE 4TH
Broken Arrow HS batting - Pitching for Temiskaming District Secondary School Saints : RHP Bartolo Delvalle
Batting: LHB Tim Ramsey 0-0: Called Strike
0-1: Ball
1-1: Foul Ball, location: 2F
1-2: Strikes out looking
Batting: RHB Christian Moss 0-0: Swinging Strike
0-1: Ball
1-1: Fly out, F4 (Popup, 34)
Batting: RHB Robert Cannon 0-0: Called Strike
0-1: Ball
1-1: Foul Ball, location: 2F
1-2: Ball
2-2: Strikes out swinging
Top of the 4th over - 0 run(s), 0 hit(s), 0 error(s), 0 left on base; Broken Arrow HS 5 - Temiskaming District Secondary School 3
BOTTOM OF THE 4TH
Temiskaming District Secondary School Saints batting - Pitching for Broken Arrow HS : LHP Alonso Medina
Batting: SHB Pablo Miranda 0-0: Swinging Strike
0-1: Fly out, F3 (Popup, 3SF)
Batting: LHB Steve Herman 0-0: Foul Ball, location: 2F
0-1: Ball
1-1: Ground out 5-3 (Groundball, 5S)
Batting: RHB Bill Ward 0-0: Called Strike
0-1: Ball
1-1: Foul Ball, location: 2F
1-2: Strikes out swinging
Bottom of the 4th over - 0 run(s), 0 hit(s), 0 error(s), 0 left on base; Broken Arrow HS 5 - Temiskaming District Secondary School 3
TOP OF THE 5TH
Broken Arrow HS batting - Pitching for Temiskaming District Secondary School Saints : RHP Bartolo Delvalle
Pitching: RHP Monte Powell
Batting: RHB Júlio Hobbs 0-0: Ball
1-0: Swinging Strike
1-1: Fly out, F9 (Flyball, 9LM)
Batting: RHB David Ward 0-0: Ball
1-0: Ball
2-0: Called Strike
2-1: Called Strike
2-2: Strikes out swinging
Batting: LHB Jon Jackson 0-0: Swinging Strike
0-1: Swinging Strike
0-2: Foul Ball, location: 2F
0-2: Strikes out swinging
Top of the 5th over - 0 run(s), 0 hit(s), 0 error(s), 0 left on base; Broken Arrow HS 5 - Temiskaming District Secondary School 3
BOTTOM OF THE 5TH
Temiskaming District Secondary School Saints batting - Pitching for Broken Arrow HS : LHP Alonso Medina
Batting: RHB Albert Abbott 0-0: Ball
1-0: Ball
2-0: Ball
3-0: Base on Balls
Pitching: RHP Tom Cunningham
Batting: LHB Ron Crawford 0-0: Swinging Strike
0-1: Foul Ball, location: 2F
0-2: Strikes out swinging
Batting: RHB Phil Wright 0-0: Ball
1-0: Foul Ball, location: 2F
1-1: Swinging Strike
1-2: Strikes out looking
Batting: RHB Orlando González 0-0: Fly out, F3 (Popup, 3F)
Bottom of the 5th over - 0 run(s), 0 hit(s), 0 error(s), 1 left on base; Broken Arrow HS 5 - Temiskaming District Secondary School 3
TOP OF THE 6TH
Broken Arrow HS batting - Pitching for Temiskaming District Secondary School Saints : RHP Monte Powell
Batting: LHB Frank Vázquez 0-0: Fly out, F9 (Flyball, 9S)
Batting: RHB Irwin Robinson 0-0: Ball
1-0: Ball
2-0: Ball
3-0: Called Strike
3-1: Base on Balls
Batting: RHB Víctor León 0-0: Ball
1-0: Foul Ball, location: 2F
1-1: Ball
Irwin Robinson steals 2nd base
2-1: Ball
3-1: Foul Ball, location: 2F
3-2: Foul Ball, location: 2F
3-2: Foul Ball, location: 2F
3-2: Base on Balls
Batting: LHB Tim Ramsey 0-0: Ball
1-0: Ball
2-0: Called Strike
2-1: Ball
3-1: Foul Ball, location: 2F
3-2: Ground out U3 (Groundball, 3S)
Irwin Robinson to third
Víctor León to second
Batting: RHB Christian Moss 0-0: Foul Ball, location: 2F
0-1: Ball
1-1: Called Strike
1-2: Strikes out swinging
Top of the 6th over - 0 run(s), 0 hit(s), 0 error(s), 2 left on base; Broken Arrow HS 5 - Temiskaming District Secondary School 3
BOTTOM OF THE 6TH
Temiskaming District Secondary School Saints batting - Pitching for Broken Arrow HS : RHP Tom Cunningham
Batting: RHB Glen French 0-0: Called Strike
0-1: SINGLE (Groundball, 4M)
Batting: LHB Mike O'Bryan 0-0: Called Strike
Glen French steals 2nd base
0-1: Called Strike
0-2: Strikes out looking
Batting: SHB Pablo Miranda 0-0: Ball
1-0: Swinging Strike
1-1: Foul Ball, location: 2F
1-2: Strikes out swinging
Batting: LHB Steve Herman 0-0: Called Strike
0-1: Ball
1-1: Foul Ball, location: 2F
1-2: Strikes out swinging
Bottom of the 6th over - 0 run(s), 1 hit(s), 0 error(s), 1 left on base; Broken Arrow HS 5 - Temiskaming District Secondary School 3
TOP OF THE 7TH
Broken Arrow HS batting - Pitching for Temiskaming District Secondary School Saints : RHP Monte Powell
Pitching: RHP Robert Willard
Batting: RHB Robert Cannon 0-0: Ball
1-0: Ball
2-0: Swinging Strike
2-1: SINGLE (Line Drive, 6MD)
Batting: RHB Júlio Hobbs 0-0: Ball
1-0: Called Strike
1-1: Ball
2-1: Swinging Strike
2-2: Ball
3-2: Foul Ball, location: 2F
3-2: Strikes out looking
Robert Cannon is caught stealing 2nd base
Batter strikes out.
Batting: RHB David Ward 0-0: Ground out 6-3 (Groundball, 6M)
Top of the 7th over - 0 run(s), 1 hit(s), 0 error(s), 0 left on base; Broken Arrow HS 5 - Temiskaming District Secondary School 3
BOTTOM OF THE 7TH
Temiskaming District Secondary School Saints batting - Pitching for Broken Arrow HS : RHP Tom Cunningham
Pitching: LHP Raúl Rivas
Batting: RHB Bill Ward 0-0: SINGLE (Flyball, 7LS)
Batting: RHB Albert Abbott 0-0: Ball
1-0: Ball
2-0: Ball
3-0: Base on Balls
Bill Ward to second
Batting: LHB Ron Crawford 0-0: Swinging Strike
0-1: Foul Ball, location: 2F
0-2: Foul Ball, location: 2F
0-2: Foul Ball, location: 2F
0-2: Ball
1-2: Strikes out swinging
Batting: RHB Phil Wright 0-0: Fly out, F8 (Flyball, 8LM)
Batting: RHB Orlando González 0-0: Ball
1-0: Foul Ball, location: 2F
1-1: Foul Ball, location: 2F
1-2: Fly out, F8 (Flyball, 8LM)
Bottom of the 7th over - 0 run(s), 1 hit(s), 0 error(s), 2 left on base; Broken Arrow HS 5 - Temiskaming District Secondary School 3
TOP OF THE 8TH
Broken Arrow HS batting - Pitching for Temiskaming District Secondary School Saints : RHP Robert Willard
Batting: LHB Jon Jackson 0-0: Foul Ball, location: 2F
0-1: Foul Ball, location: 2F
0-2: Ball
1-2: SINGLE (Flyball, 89M)
Batting: LHB Frank Vázquez 0-0: Ball
1-0: Ball
2-0: Ball
3-0: Base on Balls
Jon Jackson to second
Batting: RHB Irwin Robinson 0-0: Bunted foul
0-1: Sac Bunt - play at third, runner safe!
Frank Vázquez to second
Batting: RHB Víctor León 0-0: Fly out, F8 (Flyball, 8LM)
Runner from 3rd tags up, SCORES, throw made
Batting: LHB Tim Ramsey 0-0: Ball
1-0: SINGLE (Line Drive, 9S)
Frank Vázquez to third
Irwin Robinson to second
Runner from 3rd tries for Home, SAFE, throw made home
Irwin Robinson to third
Tim Ramsey to second
Batting: RHB Christian Moss 0-0: Intentional Walk
Batting: RHB Robert Cannon 0-0: Called Strike
0-1: Foul Ball, location: 2F
0-2: Ball
1-2: Strikes out swinging
Batting: RHB Júlio Hobbs 0-0: Called Strike
0-1: SINGLE (Line Drive, 34D)
Irwin Robinson scores
Tim Ramsey to third
Christian Moss to second
Runner from 3rd tries for Home, SAFE, no throw or cutoff
Pitching: LHP George Bolden
Batting: RHB David Ward 0-0: Ball
1-0: Fly out, F2 (Popup, 2RF)
Top of the 8th over - 4 run(s), 3 hit(s), 0 error(s), 2 left on base; Broken Arrow HS 9 - Temiskaming District Secondary School 3
BOTTOM OF THE 8TH
Temiskaming District Secondary School Saints batting - Pitching for Broken Arrow HS : LHP Raúl Rivas
Now at C: Rubén Hernández
Now in LF: Shayne Garneau
Batting: RHB Glen French 0-0: Fly out, F9 (Popup, 34D)
Batting: LHB Mike O'Bryan 0-0: Ball
1-0: Ball
2-0: Ball
3-0: Called Strike
3-1: Swinging Strike
3-2: Base on Balls
Batting: SHB Pablo Miranda 0-0: Called Strike
0-1: Ball
1-1: Ball
2-1: Fly out, F9 (Line Drive, 9S)
Batting: LHB Steve Herman 0-0: Ball
1-0: 2-RUN HOME RUN (Flyball, 9LD), Distance : 373 ft
Batting: RHB Bill Ward 0-0: Ball
1-0: SINGLE (Groundball, 5D)
Batting: RHB Albert Abbott 0-0: Foul Ball, location: 2F
0-1: Foul Ball, location: 2F
0-2: Ball
1-2: Foul Ball, location: 2F
1-2: Ball
2-2: Ground out 6-3 (Groundball, 6)
Bottom of the 8th over - 2 run(s), 2 hit(s), 0 error(s), 1 left on base; Broken Arrow HS 9 - Temiskaming District Secondary School 5
TOP OF THE 9TH
Broken Arrow HS batting - Pitching for Temiskaming District Secondary School Saints : LHP George Bolden
Pitching: RHP Mathieu Bourbeau
Batting: LHB Jon Jackson 0-0: Called Strike
0-1: Ball
1-1: Foul Ball, location: 2F
1-2: Ball
2-2: Strikes out swinging
Batting: LHB Frank Vázquez 0-0: Ball
1-0: Called Strike
1-1: Ball
2-1: Foul Ball, location: 2F
2-2: Ball
3-2: Base on Balls
Batting: RHB Irwin Robinson 0-0: Called Strike
0-1: Foul Ball, location: 2F
0-2: Foul Ball, location: 2F
0-2: Strikes out looking
Batting: RHB Víctor León 0-0: Called Strike
0-1: SINGLE (Groundball, 56)
Frank Vázquez to second
Batting: LHB Tim Ramsey 0-0: Called Strike
0-1: Ball
1-1: Ball
2-1: Fly out, F5 (Flyball, 5DF)
Top of the 9th over - 0 run(s), 1 hit(s), 0 error(s), 2 left on base; Broken Arrow HS 9 - Temiskaming District Secondary School 5
BOTTOM OF THE 9TH
Temiskaming District Secondary School Saints batting - Pitching for Broken Arrow HS : LHP Raúl Rivas
Batting: LHB Ron Crawford 0-0: Ball
1-0: Called Strike
1-1: Foul Ball, location: 2F
1-2: Fly out, F6 (Line Drive, 6M)
Batting: RHB Phil Wright 0-0: Called Strike
0-1: Swinging Strike
0-2: DOUBLE (Flyball, 89XD)
Pitching: RHP Brit Torres
Batting: RHB Orlando González 0-0: Foul Ball, location: 2F
0-1: Called Strike
0-2: Strikes out looking
Batting: RHB Glen French 0-0: Ball
1-0: Called Strike
1-1: Ball
2-1: Ball
3-1: Foul Ball, location: 2F
3-2: SINGLE (Popup, 4D)
Phil Wright to third
Phil Wright scores
Pitching: RHP Gabriel Rodríguez
Batting: LHB Mike O'Bryan 0-0: Ball
1-0: Fly out, F8 (Line Drive, 8LM)
Bottom of the 9th over - 1 run(s), 2 hit(s), 0 error(s), 1 left on base; Broken Arrow HS 9 - Temiskaming District Secondary School 6
This league is powered by Out of the Park Baseball, the baseball management simulation game for PC, Mac and Linux
Wednesday, December 2nd, 2015 - OOTP Baseball 16.8 Build 38